 Dungeon Crawl Stone Soup version 0.29.1-15-g9cfb28693d (webtiles) character file.

Game seed: 6991316428783796245

180 javelincjr the Magician (level 5, 0/39 HPs)
             Began as a Djinni Conjurer on Mar 7, 2023.
             Slain by Natasha (5 damage)
             ... on level 4 of the Dungeon.
             The game lasted 00:11:12 (3502 turns).

javelincjr the Magician (Djinni Conjurer)           Turns: 3502, Time: 00:11:12

Health: 0/39       AC:  4    Str:  8    XL:     5   Next: 91%
Gold:   37         EV: 12    Int: 19    God:
                   SH:  0    Dex: 12

rFire   + . .      SeeInvis .   i - +1 short sword (protect)
rCold   . . .      Faith    .   (no shield)
rNeg    . . .      Spirit   .   a - +0 robe
rPois   ∞          Reflect  .   c - +2 hat
rElec   .          Harm     .   (no cloak)
rCorr   .          Rampage  .   (no gloves)
Will    .....                   (boots unavailable)
Stlth   ++........              (no amulet)
HPRegen 0.13/turn               l - ring of ice
MPRegen 0.00/turn               (no ring)

@: flying, very slightly contaminated, studying Armour
A: sickness immunity, fire resistance 2, cold vulnerability 1, float, innate
caster, HP casting, extra vitality 1
a: no special abilities


You were on level 4 of the Dungeon.
You visited 1 branch of the dungeon, and saw 4 of its levels.

You collected 171 gold pieces.
You spent 134 gold pieces at shops.

Inventory:

Hand Weapons
 d - a +2 vorpal sling
 i - a +1 short sword of protection (weapon)
Armour
 a - a +0 robe (worn)
 c - a +2 hat (worn)
Magical Staves
 s - a staff of fire
Jewellery
 l - a ring of ice (left hand)
Wands
 n - a wand of acid (5)
Scrolls
 e - 3 scrolls of butterflies
 g - 4 scrolls of identify
 k - 4 scrolls of fear
 p - a scroll of enchant armour {unknown}
 q - a scroll of silence {unknown}
 t - a scroll of poison {unknown}
Potions
 b - a potion of invisibility {unknown}
 f - a potion of attraction {unknown}
 h - a potion of cancellation {unknown}
 j - 2 potions of ambrosia {unknown}
 m - a potion of might {unknown}
 o - a potion of curing {unknown}
 r - 2 potions of mutation {unknown}


   Skills:
 * Level 2.5 Fighting
 + Level 2.0 Armour
 + Level 3.2 Dodging
 + Level 2.4 Stealth
 * Level 3.9 Spellcasting


You couldn't memorise any spells.
You knew the following spells:

 Your Spells              Type           Power      Damage    Failure   Level
a - Magic Dart            Conj           72%        1d6       2%          1
b - Searing Ray           Conj           36%        2d5       4%          2
c - Dazzling Flash        Conj/Hex       36%        N/A       9%          3
d - Fulminant Prism       Conj/Hex       9%         3d7       28%         4
e - Iskenderun's Mystic   Conj/Tloc      18%        2d6       28%         4
f - Necrotise             Necr           72%        1d7       2%          1
g - Static Discharge      Conj/Air       18%        3-6/arc   4%          2
Your spell library was empty.

Dungeon Overview and Level Annotations

Branches:
Dungeon (4/15)
 Temple: D:4-7

Altars:
Cheibriados
Xom

Shops:
D:2 *

Annotations:
D:4 Natasha


Innate Abilities, Weirdness & Mutations

You are immune to sickness and miasma.
You are immune to poison.
Your flesh is very heat resistant. (rF++)
You are vulnerable to cold. (rC-)
You float through the air rather than walking.
You learn spells naturally, not from books.
Your magical power is your life essence.
You have superior vitality. (+4 MHP)


Message History

Casting: Necrotise (safe; 3% risk of failure)
Confirm with . or Enter, or press ? or * to list all spells.
Aiming: Necrotise (safe; 3% risk of failure)
Press: ? - help, Shift-Dir - straight line, f/p - howler monkey
Aim: a howler monkey (almost dead, chance to affect: 83%)
The howler monkey barely resists.
The howler monkey closely misses you. Natasha casts a spell at you.
The magic dart hits you! The howler monkey hits you.
Casting: Necrotise (safe; 3% risk of failure)
Confirm with . or Enter, or press ? or * to list all spells.
Aiming: Necrotise (safe; 3% risk of failure)
Press: ? - help, Shift-Dir - straight line, f/p - howler monkey
Aim: a howler monkey (almost dead, chance to affect: 83%)
The howler monkey writhes in agony.
You kill the howler monkey!
The dead are walking!
Natasha claws you but does no damage.
Your Armour skill increases to level 2!
Casting: Necrotise (safe; 2% risk of failure)
Confirm with . or Enter, or press ? or * to list all spells.
The spell is extremely dangerous to miscast (28% risk of failure)!
Continue anyway?
You erupt in a blast of force!
The mystic blast hits Natasha.
Natasha is moderately wounded.
Natasha completely misses you. Natasha claws you.
You barely miss Natasha.
Natasha is moderately wounded.
You feel yourself speed up. Natasha misses you.
Your howler monkey skeleton barely misses Natasha.
You barely miss Natasha.
Natasha is moderately wounded.
Natasha claws you.
* * * LOW HITPOINT WARNING * * *
Your howler monkey skeleton hits Natasha but does no damage.
You closely miss Natasha.
Natasha is moderately wounded.
Natasha claws you.
* * * LOW HITPOINT WARNING * * *
Your howler monkey skeleton barely misses Natasha.
Natasha claws you.
You die...

..#.. . #..$##
..###.....
......... #
...†..... .###
##......##.....
.............#
.......@.#
......Zh.......
...........#..#
............. .
..........##.#
..........# #
.........#.
...........#


You could see Natasha (ally target) and a friendly howler monkey skeleton.

Vanquished Creatures
  A howler monkey (D:4)
  3 gnolls (D:2)
  3 adders
  2 worms
  3 dart slugs
  3 orcs (D:3)
  3 bats
  7 endoplasms
  2 giant cockroaches
  7 goblins
  8 hobgoblins
  A jackal (D:1)
  6 kobolds
  8 quokkas
  9 ball pythons
  2 frilled lizards (D:1)
  4 rats
72 creatures vanquished.

Vanquished Creatures (others)
  A fulminant prism (D:4)
  2 withered plants (D:1)
3 creatures vanquished.

Grand Total: 75 creatures vanquished

Notes
Turn   | Place    | Note
-------+----------+-------------------------------------------
     0 | D:1      | javelincjr the Djinni Conjurer began the quest for the Orb.
     0 | D:1      | javelincjr set off with the following spells memorised:
                  | Magic Dart, Searing Ray, Dazzling Flash, Fulminant Prism,
                  | Iskenderun's Mystic Blast.
     0 | D:1      | Reached XP level 1. HP: 15/15 MP: 0/0
    77 | D:1      | Reached XP level 2. HP: 4/21 MP: 0/0
   331 | D:1      | Found a faded altar of an unknown god.
   525 | D:1      | Reached XP level 3. HP: 26/26 MP: 0/0
   525 | D:1      | Learned a level 1 spell: Necrotise
   551 | D:1      | Reached skill level 1 in Fighting
  1601 | D:2      | Found Gemazxit's Assorted Antiques.
  1625 | D:2      | Bought a notched agate ring for 85 gold pieces
  1649 | D:2      | Reached XP level 4. HP: 25/32 MP: 0/0
  1653 | D:2      | Reached skill level 1 in Armour
  2449 | D:2      | Bought a scroll labelled QEIHYTZE TEKUJ for 17 gold pieces
  2555 | D:3      | Found a snail-covered altar of Cheibriados.
  2558 | D:3      | Reached XP level 5. HP: 31/38 MP: 0/0
  2558 | D:3      | Learned a level 2 spell: Static Discharge
  3344 | D:3      | Found a shimmering altar of Xom.
  3426 | D:2      | Bought a scroll labelled WOUNEO XOXTOU for 17 gold pieces
  3426 | D:2      | Bought a fizzy black potion for 15 gold pieces
  3492 | D:4      | Noticed Natasha
  3502 | D:4      | Slain by Natasha

Illustrated notes

Levels and vault maps discovered:
D:1:      dpeg_arrival_brainrot, layout_basic,
          ebering_ecumenical_altar_petrified, serial_curves, eino_curves_03,
          eino_curves_04
D:2:      layout_basic, serial_shops, shop, chequers_serial_rivers_small_a,
          chequers_serial_rivers_micro_e
D:3:      layout_loops_ring, lemuel_crystal_altar, mainiacjoe_overflow_brackets
D:4:      layout_rooms, nicolae_gozag_conspicuous_consumption,
          minmay_temple_entry_trees, serial_glass, glass_columns_c,
          glass_columns_b, uniq_natasha, uniq_edmund

Skill      XL: |  1  2  3  4  5 |
---------------+----------------+-----
Fighting       | 1 2 |  2.5
Stealth        | 2 |  2.4
Armour         | 1 2 |  2.0
Dodging        | 3 |  3.2
Spellcasting   | |  3.9

Action                   |  1- 3 |  4- 6 || total
-------------------------+-------+-------++-------
Melee: Short sword       |       |    11 ||    11
 Fire: Sling             |    53 |       ||    53
 Cast: Magic Dart        |    23 |    76 ||    99
       Searing Ray       |       |     8 ||     8
       Necrotise         |       |     3 ||     3
       Iskenderun's Myst |       |     1 ||     1
       Fulminant Prism   |       |     1 ||     1
  Use: Scroll            |     1 |     1 ||     2
Armor: Robe              |     4 |     3 ||     7
Dodge: Dodged            |    10 |    16 ||    26
